 Dungeon Crawl Stone Soup version 0.23-a0-512-g50a8178 (webtiles) character file.

3582 MalarOregon the Chiller (level 10, 0/75 (77) HPs)
             Began as a Merfolk Ice Elementalist on Dec 4, 2018.
             Was a Priest of Nemelex Xobeh.
             Killed from afar by an electric eel (5 damage)
             ... with a bolt of electricity
             ... on level 8 of the Dungeon.
             The game lasted 00:23:36 (9768 turns).

MalarOregon the Chiller (Merfolk Ice Elementalist)  Turns: 9768, Time: 00:23:37

HP:   0/75 (77)     AC:  7    Str:  9    XL:     10   Next: 10%
MP:   18/18         EV: 14    Int: 18    God:    Nemelex Xobeh [***...]
Gold: 454           SH:  5    Dex: 14    Spells: 8/19 levels left

rFire    . . .     SeeInvis .   s - +3 spear (venom)
rCold    . . .     Gourm    .   x - +0 buckler
rNeg     . . .     Faith    .   q - +2 leather armour {rPois}
rPois    +         Spirit   .   d - +0 helmet
rElec    .         Reflect  .   (no cloak)
rCorr    .         Harm     .   (no gloves)
MR       +....                  y - +0 pair of boots
Stlth    ++........             w - amulet of the acrobat
HPRegen  0.22/turn              l - ring of protection from magic
MPRegen  0.16/turn              k - ring of flight

@: no status effects
A: change form in water, swift swim, stealthy swim
a: Triple Draw, Renounce Religion, Evoke Flight


You were on level 8 of the Dungeon.
You worshipped Nemelex Xobeh.
Nemelex Xobeh was most pleased with you.
You were not hungry.

You visited 2 branches of the dungeon, and saw 9 of its levels.
You also visited: Sewer.

You collected 454 gold pieces.

Inventory:

Hand Weapons
 s - a +3 spear of venom (weapon)
   (You found it on level 4 of the Dungeon)
 t - the +2 quarterstaff "Satual" {flame, MR+}
   (You found it on level 4 of the Dungeon)

   It has been specially enchanted to burn those struck by it, causing extra
   injury to most foes and up to half again as much damage against particularly
   susceptible opponents.
   It affects your resistance to hostile enchantments.
Armour
 d - a +0 helmet (worn)
   (You found it on level 3 of the Dungeon)
 h - a +0 large shield
   (You found it on level 4 of the Dungeon)
 q - a +2 leather armour of poison resistance (worn)
   (You found it on level 3 of the Dungeon)
 x - a +0 buckler (worn)
   (You found it on level 5 of the Dungeon)
 y - a +0 pair of boots (worn)
   (You found it on level 5 of the Dungeon)
 z - a +1 hat
   (You found it in a sewer)
Jewellery
 k - a ring of flight (right hand)
   (You found it on level 2 of the Dungeon)
 l - a ring of protection from magic (left hand)
   (You found it on level 1 of the Dungeon)
 w - an amulet of the acrobat (around neck)
   (You found it on level 5 of the Dungeon)
 G - an uncursed amulet of guardian spirit {unknown}
   (You found it on level 7 of the Dungeon)
Wands
 u - a wand of paralysis (1)
   (You found it on level 2 of the Dungeon)
 F - a wand of enslavement (14)
   (You found it on level 7 of the Dungeon)
Scrolls
 a - 7 scrolls of teleportation {@r4}
 p - 4 scrolls of remove curse {@r2}
 r - a scroll of fog
 E - a scroll of blinking
 H - 2 scrolls of identify {@r1}
Potions
 b - a potion of mutation {unknown}
 c - a potion of berserk rage {unknown}
 f - 3 potions of cancellation
 i - 3 potions of heal wounds {@q2}
 j - a potion of curing {unknown}
 n - a potion of agility {unknown}
 o - a potion of brilliance {unknown}
 A - 5 potions of flight {unknown}
 C - a potion of magic {unknown}
 D - a potion of haste {unknown}
Miscellaneous
 g - an ornate deck of escape
   (Nemelex Xobeh gifted it to you on level 4 of the Dungeon)
 m - a plain deck of destruction
   (Nemelex Xobeh gifted it to you on level 2 of the Dungeon)
 v - an ornate deck of summoning
   (Nemelex Xobeh gifted it to you on level 5 of the Dungeon)
 I - a plain deck of summoning
   (Nemelex Xobeh gifted it to you on level 7 of the Dungeon)
 J - a plain deck of summoning {drawn: 1}
   (Nemelex Xobeh gifted it to you on level 8 of the Dungeon)
Comestibles
 e - 13 rations {!d}


   Skills:
 + Level 6.5 Fighting
 - Level 5.1 Dodging
 - Level 2.1 Stealth
 + Level 3.1 Shields
 + Level 5.3 Spellcasting
 * Level 3.2 Conjurations
 + Level 7.1 Summonings
 * Level 7.8 Ice Magic


You had 8 spell levels left.
You knew the following spells:

 Your Spells              Type           Power        Failure   Level  Hunger
a - Freeze                Ice            ####         1%          1    None
c - Throw Icicle          Conj/Ice       ###.....     21%         4    ####...
d - Summon Ice Beast      Ice/Summ       ####....     10%         4    ####...
x - Throw Frost           Conj/Ice       ###...       3%          2    #......

Your spell library contained the following spells:

 Spells                   Type           Power        Failure   Level  Hunger
 Magic Dart               Conj           ###.         5%          1    None
 Searing Ray              Conj           ###...       9%          2    #......
 Ozocubu's Armour         Chrm/Ice       ###.....     12%         3    ##.....
 Dazzling Spray           Conj/Hex       ##....       30%         3    ##.....
 Iskenderun's Mystic Bla  Conj           ###.....     47%         4    ####...
 Force Lance              Conj/Tloc      ##......     71%         4    ####...
 Fulminant Prism          Conj/Hex       ##........   71%         4    ####...


Dungeon Overview and Level Annotations

Branches:
Dungeon (8/15)             Temple (1/1) D:6
   Lair: D:8-11

Altars:
Ashenzari
Cheibriados
Elyvilon
Fedhas
Gozag
Hepliaklqana
Kikubaaqudgha
Makhleb
Nemelex Xobeh
Okawaru
Qazlal
Ru
Sif Muna
Trog
Uskayaw
Vehumet
Yredelemnul
Zin
The Shining One

Shops:
D:8 %


Message History

Aim: an electric eel (hasn't noticed you, chance to defeat MR: 54%)
The electric eel is charmed.
The electric eel shoots out a bolt of lightning at you!
The bolt of electricity hits you!
The electric eel shoots out a bolt of lightning at you!
The bolt of electricity hits you!
The electric eel shoots out a bolt of lightning at you!
The bolt of electricity hits your electric eel.
Your electric eel completely resists.
The bolt of electricity hits the plant.
The plant is destroyed!
The bolt of electricity misses you. The bolt of electricity hits you!
There is an open door here.
The electric eel shoots out a bolt of lightning at you!
The bolt of electricity hits you!
The electric eel shoots out a bolt of lightning at you!
The bolt of electricity misses you.
The electric eel shoots out a bolt of lightning at you!
The bolt of electricity hits you!
* * * LOW HITPOINT WARNING * * *
Your legs become a tail as you enter the water.
Your +0 pair of boots melds into your body.
The electric eel shoots out a bolt of lightning at you!
The bolt of electricity misses you.
You are too injured to fight recklessly!
Attack whom?
Aim: an electric eel (water)
You reach to attack!
You closely miss the electric eel.
The electric eel shoots out a bolt of lightning at you!
The bolt of electricity hits you!
* * * LOW HITPOINT WARNING * * *
The bolt of electricity hits you!
* * * LOW HITPOINT WARNING * * *
The electric eel shoots out a bolt of lightning at you!
The bolt of electricity hits you!
* * * LOW HITPOINT WARNING * * *
Unknown command.
As you read the scroll of fear, it crumbles to dust.
You assume a fearsome visage.
The electric eel looks frightened! x2
Your +0 pair of boots unmelds from your body.
Cornered, the electric eel turns to fight! x2
Blink to where?
There is a wall there.
Okay, then.
As you read the scroll of fog, it crumbles to dust.
The scroll dissolves into smoke.
The electric eel shoots out a bolt of lightning at you!
The bolt of electricity hits you!
You die...
Your body glows with a rainbow of weird colours and disappears.

......#.###.#......# #....#
......)..##.############## #.)...
.........##.# ###...≈≈###..)##
......##.##.######≈..####.##...##
......##.##.##..≈≈≈##+ ##.#.....
...##.##.##.#..##### #.#.#.##
...##...∩##.###'..##.....#.#.#.##
.............#.§§§.#PP.PP#.#.#.##
.............#.§@§.#"..≈≈#≈#.#.##
.............#≈§§§≈#)≈...#≈#.#.##
#.###..###.#.#(.≈≈%#≈≈[≈≈#≈#.#.##
#............#(≈.%;##;;≈##≈#.#.##
#.###..).(..(#≈≈.≈;######≈##.....
#.# #..###.#.##≈≈;##≈≈...##..#.##
#####..# #.#..#####≈######..##.#
.......# ###..'...≈##..........#
#####..#####..#######.##.##....##


You could see 2 electric eels and a friendly electric eel.

Vanquished Creatures
  A two-headed ogre (D:8)
  2 hippogriffs (D:7)
  Sigmund (D:2)
  2 hungry ghosts
  An ice beast (D:7)
  A black bear (D:8)
  A necrophage (D:6)
  A sky beast (D:8)
  6 ogres
  4 centaurs
  3 bullfrogs
  A gnoll sergeant (D:7)
  A wyvern zombie (D:8)
  2 scorpions
  A howler monkey (D:7)
  A bullfrog zombie (D:6)
  A centaur zombie (D:5)
  A crimson imp (D:8)
  A hound (D:8)
  A jelly (D:5)
  4 orc wizards
  3 worker ants
  4 gnolls
  7 adders
  A shadow imp (D:6)
  2 oozes (Sewer)
  An adder skeleton (D:4)
  7 worms
  2 dart slugs
  5 leopard geckos
  14 orcs
  3 giant cockroaches
  6 goblins
  7 hobgoblins
  13 jackals
  7 kobolds
  5 quokkas
  A ball python (D:2)
  17 bats
  3 frilled lizards
  14 rats
159 creatures vanquished.

Vanquished Creatures (others)
  An adder zombie (D:3)
  A leopard gecko (D:3)
  3 plants (D:8)
5 creatures vanquished.

Grand Total: 164 creatures vanquished

Notes
Turn   | Place    | Note
-------+----------+-------------------------------------------
     0 | D:1      | MalarOregon the Merfolk Ice Elementalist began the quest
                  | for the Orb.
     0 | D:1      | Reached XP level 1. HP: 13/13 MP: 3/3
     0 | D:1      | You fall through a shaft!
   292 | D:2      | Reached XP level 2. HP: 20/20 MP: 0/5
   351 | D:2      | Learned a level 2 spell: Throw Frost
   356 | D:2      | You fall through a shaft for 2 floors!
   376 | D:4      | Noticed an ogre
   447 | D:3      | Reached skill level 1 in Fighting
   508 | D:2      | Reached skill level 1 in Conjurations
   620 | D:1      | Reached XP level 3. HP: 25/26 MP: 4/6
  1337 | D:2      | Noticed Sigmund
  1346 | D:2      | Killed Sigmund
  1346 | D:2      | Reached XP level 4. HP: 23/34 MP: 0/8
  1346 | D:2      | Reached XP level 5. HP: 27/39 MP: 0/9
  1443 | D:2      | Learned a level 4 spell: Summon Ice Beast
  1444 | D:2      | Found a sparkling altar of Nemelex Xobeh.
  1447 | D:2      | Found a glowing silver altar of Zin.
  1450 | D:2      | Found a snail-covered altar of Cheibriados.
  1458 | D:2      | Became a worshipper of Nemelex Xobeh the Trickster
  1766 | D:2      | Received a gift from Nemelex Xobeh
  1787 | D:2      | Reached XP level 6. HP: 46/46 MP: 4/10
  2198 | D:2      | Found a hide-covered altar of Uskayaw.
  2351 | D:3      | Learned a level 4 spell: Throw Icicle
  2634 | D:3      | Found a radiant altar of Vehumet.
  2695 | D:3      | Found a shattered altar of Ashenzari.
  2718 | D:3      | Reached * piety under Nemelex Xobeh
  2765 | D:3      | Reached skill level 1 in Summonings
  3054 | D:3      | Found a basalt altar of Yredelemnul.
  3527 | D:4      | Noticed a moth of wrath
  3530 | D:4      | Found a bloodstained altar of Trog.
  3559 | D:4      | Got a dazzling quarterstaff
  3601 | D:4      | Identified the +2 quarterstaff "Satual" {flame, MR+} (You
                  | found it on level 4 of the Dungeon)
  3785 | D:4      | Received a gift from Nemelex Xobeh
  3992 | D:5      | Entered Level 5 of the Dungeon
  4069 | D:5      | Reached skill level 5 in Ice Magic
  4069 | D:5      | Reached XP level 7. HP: 52/52 MP: 2/12
  4202 | D:5      | Reached skill level 5 in Dodging
  4566 | D:5      | Received a gift from Nemelex Xobeh
  4684 | D:5      | Found a glowing drain.
  4694 | Sewer    | Entered a sewer
  5031 | Sewer    | Reached XP level 8. HP: 58/60 MP: 7/13
  5423 | D:6      | Reached ** piety under Nemelex Xobeh
  5579 | D:6      | Found a staircase to the Ecumenical Temple.
  5593 | Temple   | Entered the Ecumenical Temple
  6317 | D:6      | Reached skill level 5 in Summonings
  6464 | D:6      | Found a deep blue altar of Sif Muna.
  6633 | D:7      | Reached skill level 5 in Fighting
  6851 | D:7      | Received a gift from Nemelex Xobeh
  6853 | D:7      | Noticed a hippogriff
  6865 | D:7      | Killed a hippogriff
  7216 | D:7      | Found a stormy altar of Qazlal.
  7242 | D:7      | Found a blossoming altar of Fedhas.
  7283 | D:7      | Reached skill level 5 in Spellcasting
  7283 | D:7      | Reached XP level 9. HP: 56/66 MP: 11/16
  7461 | D:7      | Found an iron altar of Okawaru.
  7482 | D:7      | Reached skill level 1 in Shields
  8114 | D:8      | Found Xecisyog's Food Boutique.
  8239 | D:8      | Reached *** piety under Nemelex Xobeh
  8251 | D:8      | Received a gift from Nemelex Xobeh
  8495 | D:8      | Noticed a two-headed ogre
  8517 | D:8      | Killed a two-headed ogre
  8517 | D:8      | Reached XP level 10. HP: 6/75 MP: 6/17
  9768 | D:8      | Killed from afar by an electric eel

Vault maps used:
D:1:      wheals_arrival_shading, minivault_11
D:2:      grunt_temple_overflow_diamond, overflow_temple_1_default,
          st_stairs_10, uniq_sigmund
D:3:      lemuel_coloured_pillars_altar, ashenzari_altar_1, fiery_altar_vehumet,
          grunt_decor_arrowhead
D:4:      minmay_evil_eye, first_ration, tgw_trog
D:5:      cheibrodos_sewer_entry_bend, chequers_serial_rivers_micro_e
D:6:      lemuel_doored_altar, minmay_temple_entry_arrows
D:7:      grunt_temple_overflow_forces_of_nature, okawaru_gym_becter
D:8:      cheibrodos_two_vegetables, serial_shops, shop
Temple:   compressed_dpeg_triangle_lava_temple
Sewer:    sewer_fruit_machine

Skill      XL: |  1  2  3  4  5  6  7  8  9 10 |
---------------+-------------------------------+-----
Dodging        | 3 4 5 |  5.1
Fighting       | 1 2 3 4 5 6 |  6.5
Conjurations   | 1 2 3 |  3.2
Ice Magic      | 4 5 7 |  7.8
Spellcasting   | 3 5 |  5.3
Summonings     | 2 3 5 7 |  7.1
Shields        | 3 |  3.1
Stealth        | |  2.1

Action                   |  1- 3 |  4- 6 |  7- 9 | 10-12 || total
-------------------------+-------+-------+-------+-------++-------
Melee: Dagger            |    12 |       |       |       ||    12
       Whip              |     2 |    28 |       |       ||    30
       Spear             |       |    14 |   240 |    26 ||   280
       Tailslap          |       |       |       |     3 ||     3
 Cast: Freeze            |    32 |    33 |    78 |     2 ||   145
       Throw Frost       |    11 |    37 |    35 |     4 ||    87
       Summon Ice Beast  |       |       |       |     6 ||     6
Evoke: Wand              |       |     3 |     4 |     1 ||     8
       Deck              |       |       |     1 |       ||     1
  Use: Scroll            |     3 |     8 |     3 |     2 ||    16
 Stab: Sleeping          |     3 |     1 |     6 |     1 ||    11
       Paralysed         |       |    14 |     7 |       ||    21
  Eat: Chunk             |     2 |    11 |    13 |     2 ||    28
       Ration            |       |       |     2 |     1 ||     3
Armor: Robe              |     4 |     5 |       |       ||     9
       Leather armour    |       |     5 |    69 |     2 ||    76
Dodge: Dodged            |    15 |    26 |   208 |    20 ||   269
Block: Buckler           |       |       |       |     4 ||     4

Table legend:
 A = Non-vault XP
 B = Vault XP
 C = Vault XP percentage of total XP
 D = Non-vault monster count
 E = Vault monster count
 F = Vault count percentage of total count
                 A         B        C        D         E       F
            +---------+---------+-------+---------+---------+-------
      Total |    4639 |     479 |   9.4 |     121 |      38 |  23.9
            +---------+---------+-------+---------+---------+-------
        D:1 |      29 |       0 |   0.0 |      14 |       0 |   0.0
        D:2 |      61 |     228 |  78.9 |      22 |       2 |   8.3
        D:3 |     102 |       0 |   0.0 |      22 |       0 |   0.0
        D:4 |     126 |      54 |  30.0 |       2 |       7 |  77.8
        D:5 |     562 |       5 |   0.9 |      16 |       1 |   5.9
        D:6 |     601 |       0 |   0.0 |      13 |       0 |   0.0
        D:7 |    1063 |       0 |   0.0 |      15 |       0 |   0.0
        D:8 |    2095 |     120 |   5.4 |      17 |       2 |  10.5
      Sewer |       0 |      72 | 100.0 |       0 |      26 | 100.0
            +---------+---------+-------+---------+---------+-------
